 Dungeon Crawl Stone Soup version 0.31-a0-986-g5e6e4ef867 (webtiles) character file.

Game seed: 2044835203656102795

317 Persephone the Digger (level 6, -2/32 HPs)
             Began as a Gargoyle Earth Elementalist on Nov 13, 2023.
             Slain by a killer bee (6 damage)
             ... on level 5 of the Dungeon.
             The game lasted 00:06:50 (3347 turns).

Persephone the Digger (Gargoyle Earth Elementalist) Turns: 3347, Time: 00:06:51

Health: -2/32      AC:  7    Str: 12    XL:     6   Next: 44%
Magic:  7/11       EV: 11    Int: 17    God:
Gold:   262        SH:  0    Dex: 10    Spells: 7/11 levels left

rFire   . . .        o - +0 mace
rCold   . . .        (no shield)
rNeg    + . .        r - +0 robe {Will+}
rPois   ∞            (no helmet)
rElec   +            s - +0 cloak
rCorr   .            (no gloves)
SInv    .            (no boots)
Will    +....        (no amulet)
Stlth   ++           (no ring)
HPRegen 0.25/turn    (no ring)
MPRegen 0.12/turn

%: no passive effects
@: no status effects
A: sickness immunity, AC +4, negative energy resistance 1, electricity
resistance, torment resistance 1, petrification resistance
a: no special abilities


You were on level 5 of the Dungeon.
You visited 1 branch of the dungeon, and saw 5 of its levels.

You collected 262 gold pieces.

Inventory:

Hand Weapons
 o - a +0 mace (weapon)
Armour
 a - a +0 robe
 r - a +0 robe of willpower (worn)
 s - a +0 cloak (worn)
Jewellery
 h - a ring of protection from cold
 p - an amulet of regeneration
Scrolls
 c - a scroll of silence {unknown}
 e - a scroll of revelation
 f - a scroll of enchant weapon {unknown}
 j - 5 scrolls of identify
Potions
 b - a potion of magic
 d - 3 potions of curing
 g - 2 potions of might {unknown}
 i - a potion of cancellation {unknown}
 k - 3 potions of attraction
 l - 2 potions of lignification
 m - a potion of ambrosia {unknown}
 n - 2 potions of heal wounds
 q - a potion of invisibility {unknown}
 u - a potion of enlightenment {unknown}
 v - 2 potions of resistance {unknown}
 w - 2 potions of brilliance {unknown}


   Skills:
 - Level 1.5 Dodging
 - Level 2.1 Stealth
 + Level 3.4 Spellcasting
 + Level 2.2 Conjurations
 - Level 1.7 Transmutations
 * Level 6.5 Earth Magic


You had 7 spell levels left.
You knew the following spells:

 Your Spells              Type           Power      Damage    Failure   Level
a - Sandblast             Erth           50%        2d12      1%          1
b - Stone Arrow           Conj/Erth      34%        3d9       9%          3

Your spell library contained the following spells:

 Spells                   Type           Power      Damage    Failure   Level
 Passwall                 Tmut/Erth      13%        N/A       4%          2
 Brom's Barrelling Bould  Conj/Erth      17%        2d4       28%         4
 Petrify                  Tmut/Erth      16%        N/A       30%         4
 Dazzling Flash           Conj/Hex       12%        N/A       32%         3
 Inner Flame              Hex/Fire       2%         N/A       45%         3
 Volatile Blastmotes      Fire/Tloc      4%         2d10      45%         3
 Yara's Violent Unravell  Hex/Tmut       2%         3d3       97%         5
 Starburst                Conj/Fire      3%         6d3       100%        6
 Enfeeble                 Hex            1%         N/A       100%        7
 Maxwell's Capacitive Co  Air            1%         ∞         100%        8


Dungeon Overview and Level Annotations

Branches:
Dungeon (5/15)
 Temple: D:4-7

Altars:
Hepliaklqana
Uskayaw

Shops:
D:4 ((*![


Innate Abilities, Weirdness & Mutations

You are immune to sickness and miasma.
Your stone body is resilient. (AC +4)
You are immune to poison.
You resist negative energy. (rN+)
You are resistant to electric shocks. (rElec)
You are resistant to unholy torment.
You are immune to petrification.


Message History

Aiming: Sandblast (safe; 1% risk of failure)
Press: ? - help, Shift-Dir - straight line, f/p - killer bee
Aim: a killer bee (water, heavily wounded, 65% to hit)
The blast of sand hits the killer bee.
The killer bee is severely wounded.
The killer bee stings you but does no damage.
The killer bee closely misses you. The killer bee barely misses you.
Casting: Sandblast (safe; 1% risk of failure)
Confirm with . or Enter, or press ? or * to list all spells.
Aiming: Sandblast (safe; 1% risk of failure)
Press: ? - help, Shift-Dir - straight line, f/p - killer bee
Aim: a killer bee (water, severely wounded, 65% to hit)
The blast of sand hits the killer bee.
The killer bee is severely wounded.
The killer bee barely misses you. The killer bee stings you.
* * * LOW HITPOINT WARNING * * *
The killer bee stings you but does no damage.
Casting: Sandblast (safe; 1% risk of failure)
Confirm with . or Enter, or press ? or * to list all spells.
Aiming: Sandblast (safe; 1% risk of failure)
Press: ? - help, Shift-Dir - straight line, f/p - killer bee
Aim: a killer bee (water, severely wounded, 65% to hit)
The blast of sand hits the killer bee!
You kill the killer bee!
The killer bee stings you.
* * * LOW HITPOINT WARNING * * *
The killer bee closely misses you.
Okay, then.
You feel better.
The killer bee stings you but does no damage.
The killer bee stings you.
* * * LOW HITPOINT WARNING * * *
The killer bee stings you.
* * * LOW HITPOINT WARNING * * *
The killer bee stings you but does no damage.
The killer bee buzzes angrily. x2
The killer bee stings you.
* * * LOW HITPOINT WARNING * * *
The killer bee barely misses you. The killer bee stings you.
You die...

.'..+.......#..#.......#..'....#.
.#..#.......#..'.......#..#....#.
#####.......####.......#..#....##
###.##....####....######..###....
.'...#....+..'....#.........#....
.#...+....#..#....#.........#....
.#...#....####....#.........+....
+###'#............#'####.####....
................@.#..###.#.....##
...............yy.+.>....#.....#.
..............y...#......#.....#.
..............#####..###'#.....##
#+####'###..y#########.....#'###.
.........#..#.........#....#.....
.........#..#.≈≈≈≈≈≈≈.#....+.....
.........#..#≈..≈≈≈..≈#....######
#........#..#≈.≈...≈.≈#..........


You could see 4 killer bees.

Vanquished Creatures
  A killer bee (D:5)
  2 hounds (D:4)
  An iguana (D:4)
  3 orc wizards (D:5)
  4 adders
  A dart slug (D:2)
  10 orcs
  4 bats (D:2)
  5 endoplasms
  3 giant cockroaches
  5 goblins
  6 hobgoblins
  4 jackals (D:2)
  2 quokkas (D:1)
  7 ball pythons
  3 frilled lizards
  3 kobolds
  5 rats
69 creatures vanquished.

Notes
Turn   | Place    | Note
-------+----------+-------------------------------------------
     0 | D:1      | Persephone the Gargoyle Earth Elementalist began the quest
                  | for the Orb.
     0 | D:1      | Reached XP level 1. HP: 10/10 MP: 3/3
   121 | D:1      | Reached skill level 1 in Transmutations
   180 | D:1      | Reached XP level 2. HP: 15/15 MP: 0/5
   407 | D:1      | Reached skill level 4 in Earth Magic
   922 | D:2      | Reached XP level 3. HP: 19/19 MP: 4/6
  1359 | D:3      | Found a faded altar of an unknown god.
  1488 | D:3      | Reached XP level 4. HP: 24/24 MP: 5/7
  1544 | D:3      | Reached skill level 5 in Earth Magic
  2068 | D:4      | Learned a level 3 spell: Stone Arrow
  2076 | D:4      | Reached XP level 5. HP: 28/28 MP: 6/9
  2191 | D:4      | Found Wuilythry's Distillery.
  2217 | D:4      | Found Ypunigai's Antique Armour Boutique.
  2285 | D:4      | Found Enus's Antique Weapon Boutique.
  2335 | D:4      | Found a hazy altar of Hepliaklqana.
  2355 | D:4      | Reached skill level 1 in Conjurations
  2399 | D:4      | Found Syoz's Assorted Antiques.
  2610 | D:4      | Found Nugulooz's Antique Weapon Shoppe.
  2757 | D:5      | Entered Level 5 of the Dungeon
  2808 | D:5      | Found a hide-covered altar of Uskayaw.
  3047 | D:5      | Reached skill level 6 in Earth Magic
  3182 | D:5      | Reached XP level 6. HP: 20/32 MP: 7/10
  3347 | D:5      | Slain by a killer bee

Illustrated notes

Levels and vault maps discovered:
D:1:      amcnicky_arrival_single_pillar, layout_loops_ring
D:2:      layout_rooms
D:3:      layout_rooms, nicolae_ecumenical_oubliette
D:4:      layout_basic, mainiacjoe_overflow_boulevard, serial_shops,
          nicolae_shop_back_alley_shop, shop, shop, nicolae_shop_tiny_glass,
          nicolae_shop_peninsula
D:5:      layout_gridville, mainiacjoe_overflow_paths

Skill      XL: |  1  2  3  4  5  6 |
---------------+-------------------+-----
Transmutations | 1 |  1.7
Earth Magic    | 4 5 6 |  6.5
Spellcasting   | 3 |  3.4
Conjurations   | 1 2 |  2.2
Dodging        | |  1.5
Stealth        | |  2.1

Action                     |  1- 3 |  4- 6 || total
---------------------------+-------+-------++-------
  Melee: Unarmed           |     8 |       ||     8
         Mace              |       |    27 ||    27
         Punch             |       |     1 ||     1
   Cast: Sandblast         |    43 |    52 ||    95
    Use: Scroll            |       |    10 ||    10
         Potion            |       |     1 ||     1
 Armour: Robe              |    12 |    52 ||    64
  Dodge: Dodged            |     8 |    26 ||    34

Table legend: (Time is in decaauts)
 A = Elapsed time spent in this place.
 B = Non-inter-level travel time spent in this place.
 C = Inter-level travel time spent in this place.
 D = Time resting spent in this place.
 E = Time spent auto-exploring this place.
 F = Levels seen in this place.
 G = Mean time per level.
                   A        B        C        D        E       F      G
               +--------+--------+--------+--------+--------+-----+--------+
         Total |   3403 |   3234 |    169 |      0 |   2763 |   5 |  680.6 |
       Dungeon |   3403 |   3234 |    169 |      0 |   2763 |   5 |  680.6 |
               +--------+--------+--------+--------+--------+-----+--------+

Top non-repeatable levels by time:
     D:1: 776 daAuts
     D:3: 729 daAuts
     D:4: 706 daAuts
     D:5: 606 daAuts
     D:2: 584 daAuts
